 Dungeon Crawl Stone Soup version 0.18.1-8-gdd0e5ea (webtiles) character file.

13733 dvd the Artisan of Death (level 11, -2/82 HPs)
             Began as a Demonspawn Necromancer on June 5, 2016.
             Was a Priest of Kikubaaqudgha.
             Killed from afar by Josephine (26 damage)
             ... with a ghostly fireball
             ... on level 11 of the Dungeon.
             The game lasted 01:10:12 (13342 turns).

dvd the Artisan of Death (Demonspawn Necromancer)  Turns: 13342, Time: 01:10:12

Health: -2/82      AC: 12    Str: 10    XL:     11   Next: 79%
Magic:  17/25      EV: 16    Int: 23    God:    Kikubaaqudgha [***...]
Gold:   717        SH:  0    Dex: 21    Spells: 9 memorised, 3 levels left

rFire  + . .     SeeInvis .     r - +5 spear (distort)
rCold  . . .     Gourm    +     v - +3 leather armour {rF+}
rNeg   . . .     Faith    .     (no shield)
rPois  .         Spirit   .     (helmet restricted)
rElec  .         Dismiss  .     B - +2 cloak {+Inv}
rCorr  .         Reflect  .     S - +2 pair of gloves of Rotation {Int+4 Dex+5}
SustAt .         Harm     .     (no boots)
MR     +....                    O - amulet of the gourmand
Stlth  +++.......               A - +3 ring of dexterity
                                d - ring of protection from magic

@: somewhat resistant to hostile enchantments, fairly stealthy
A: hooves 2, horns 1, foul stench 1, powered by pain 2, robust 1, rot immunity,
sturdy frame 1
a: Receive Corpses, Renounce Religion, Evoke Invisibility


You were on level 11 of the Dungeon.
You worshipped Kikubaaqudgha.
Kikubaaqudgha was most pleased with you.
You were very full.

You visited 3 branches of the dungeon, and saw 13 of its levels.
You also visited: Labyrinth.

You collected 717 gold pieces.

Inventory:

Hand Weapons
 r - a +5 spear of distortion (weapon)
 R - the +4 quarterstaff "Xonn" {venom, Int-2 Dex+7, unknown}
   (You found it in a labyrinth)

   It poisons the flesh of those it strikes.
   It affects your intelligence (-2).
   It affects your dexterity (+7).
Armour
 v - a +3 leather armour of fire resistance (worn)
 B - a +2 cloak of invisibility (worn)
 S - the +2 pair of gloves of Rotation (worn) {Int+4 Dex+5}
   (You found it in a labyrinth)

   It affects your intelligence (+4).
   It affects your dexterity (+5).
Rods
 P - a +5 lightning rod (10/10)
   (You found it in a labyrinth)
Jewellery
 d - a ring of protection from magic (left hand)
 h - an uncursed ring of positive energy
 j - an uncursed ring of positive energy
 m - an uncursed ring of resist corrosion
 A - a +3 ring of dexterity (right hand)
 L - an uncursed ring of protection from magic
 O - an amulet of the gourmand (around neck)
Wands
 i - a wand of digging (5/24)
 q - a wand of acid (1/15)
 u - a wand of disintegration (14/24)
 C - a wand of lightning (12/15)
 E - a wand of iceblast (7/15)
 F - a wand of digging (9/24)
 H - a wand of disintegration (14/24)
 N - a wand of hasting (5/9)
Scrolls
 e - 13 scrolls of identify
 l - a scroll of recharging
 z - a scroll of remove curse
 G - 2 scrolls of blinking
 K - a scroll of enchant armour
Potions
 a - 2 potions of cancellation
 n - 3 potions of invisibility
 o - a potion of berserk rage
 p - 3 potions of flight
 w - a potion of curing
 x - a potion of brilliance
Books
 b - a book of Necromancy

   Spells                             Type                      Level
   a - Pain                           Necromancy                   1
   b - Animate Skeleton               Necromancy                   1
   c - Vampiric Draining              Necromancy                   3
   d - Regeneration                   Charms/Necromancy            3
   e - Animate Dead                   Necromancy                   4
   f - Control Undead                 Necromancy                   4
 g - a book of the Dragon

   Spells                             Type                      Level
   a - Flame Tongue                   Conjuration/Fire             1
   b - Cause Fear                     Hexes                        4
   c - Bolt of Fire                   Conjuration/Fire             6
   d - Dragon Form                    Transmutation                7
   e - Dragon's Call                  Summoning                    9
 k - a book of Callings

   Spells                             Type                      Level
   a - Summon Small Mammal            Summoning                    1
   b - Call Imp                       Summoning                    2
   c - Call Canine Familiar           Summoning                    3
   d - Summon Guardian Golem          Hexes/Summoning              3
   e - Summon Lightning Spire         Summoning/Air                4
   f - Summon Ice Beast               Ice/Summoning                4
 D - Kikubaaqudgha's Guide on Necromancy
   (Kikubaaqudgha gifted it to you on level 9 of the Dungeon)

   Spells                             Type                      Level
   a - Animate Skeleton               Necromancy                   1
   b - Corpse Rot                     Necromancy                   2
   c - Sublimation of Blood           Necromancy                   2
   d - Vampiric Draining              Necromancy                   3
   e - Control Undead                 Necromancy                   4
 I - Kikubaaqudgha's Papyrus of Stolen Souls
   (Kikubaaqudgha gifted it to you on level 1 of the Lair of Beasts)

   Spells                             Type                      Level
   a - Animate Dead                   Necromancy                   4
   b - Bolt of Draining               Conjuration/Necromancy       5
   c - Agony                          Necromancy                   5
   d - Dispel Undead                  Necromancy                   5
   e - Death Channel                  Necromancy                   6
 J - the Tome of Darkness
   (You found it in a labyrinth)

   Spells                             Type                      Level
   a - Pain                           Necromancy                   1
   b - Corpse Rot                     Necromancy                   2
   c - Sublimation of Blood           Necromancy                   2
   d - Animate Dead                   Necromancy                   4
   e - Agony                          Necromancy                   5
 M - the Compendium of Torrid Stolen Souls
   (You found it in a labyrinth)

   Spells                             Type                      Level
   a - Flame Tongue                   Conjuration/Fire             1
   b - Animate Skeleton               Necromancy                   1
   c - Pain                           Necromancy                   1
   d - Control Undead                 Necromancy                   4
   e - Simulacrum                     Ice/Necromancy               6
   f - Death Channel                  Necromancy                   6
 Q - a book of Fire

   Spells                             Type                      Level
   a - Ignite Poison                  Fire/Transmutation/Poison    3
   b - Fireball                       Conjuration/Fire             5
   c - Bolt of Fire                   Conjuration/Fire             6
   d - Delayed Fireball               Conjuration/Fire             7
   e - Ring of Flames                 Charms/Fire                  7
Comestibles
 c - 5 bread rations
 f - 2 meat rations
 s - 4 beef jerkies
 t - 4 fruits


   Skills:
 + Level 3.5 Fighting
 * Level 4.0 Polearms
 + Level 3.8 Armour
 + Level 5.6 Dodging
 + Level 4.4 Stealth
 + Level 10.9 Spellcasting
 + Level 2.2 Charms
 + Level 12.3 Necromancy


You had 3 spell levels left.
You knew the following spells:

 Your Spells              Type           Power        Failure   Level  Hunger
a - Pain                  Necr           ####         1%          1    None
b - Vampiric Draining     Necr           ######....   1%          3    None
c - Regeneration          Chrm/Necr      #####.....   1%          3    None
d - Animate Dead          Necr           N/A          1%          4    None
e - Control Undead        Necr           ######....   1%          4    None
f - Sublimation of Blood  Necr           ######....   1%          2    None
g - Flame Tongue          Conj/Fire      ##...        8%          1    None
h - Dispel Undead         Necr           ######..     1%          5    ####...
i - Agony                 Necr           ######..     1%          5    ####...


Dungeon Overview and Level Annotations

Branches:
Dungeon (11/15)            Temple (1/1) D:4            Lair (1/8) D:10
    Orc (0/2) D:10

Altars:
Ashenzari
Cheibriados
Dithmenos
Elyvilon
Fedhas
Gozag
Kikubaaqudgha
Makhleb
Nemelex Xobeh
Okawaru
Pakellas
Qazlal
Ru
Sif Muna
Trog
Vehumet
Xom
Yredelemnul
Zin
The Shining One
Beogh

Shops:
D:11 *%

Portals:
Trove: D:10 (give 17 potions of curing)

Annotations:
D:7 Aquadorian's ghost, novice MiFi
D:11 Josephine
Lair:1 exclusion: oklob plant
Abyss:1 Pikel


Innate Abilities, Weirdness & Mutations

You have hoof-like feet.
You may emit foul miasma when damaged in melee.
You sometimes gain power by taking damage.
You are robust (+10% HP).
You are immune to rotting.
Your movements are slightly less encumbered by armour (ER -2).
You have a pair of small horns on your head.


Message History

Your Polearms skill increases to level 4!
You feel your strength returning.
Unknown command.
Josephine says, "I'll make a rug of your skin."
You see here a giant club.
Casting: Dispel Undead
Confirm with . or Enter, or press ? or * to list all spells.
Your skin crawls.
Josephine closely misses you.
Josephine points at you and mumbles some strange words.
The ghostly flame explodes!
The ghostly fireball engulfs you!
You focus on the pain.
You feel your power returning.
Your skin is crawling a little less now.
Josephine casts a spell at you.
The ghostly flame explodes!
The ghostly fireball engulfs you!
* * * LOW HITPOINT WARNING * * *
Your skin stops crawling.
Josephine gestures at you while chanting.
The ghostly flame explodes!
The ghostly fireball engulfs you!
You die...
Kikubaaqudgha rasps: "You have failed me!
Welcome... death!"

####.#### ###############
#........
......^.......###########.##.####
#############.#.........#.##.....
#.#.#######.#.#######
#############.#.<######.#.#######
.................................
#############.#..######.#.#######
#.#.@# #.....# #.#..# #.....#
#.#..# #..∩..####### #.#..#
#.....##.....
#.#.@######'#.##.....
#############.#..#......#.##.....
...........................).....
#############.#..#.######.##.....
#.#..#.######.##.....


You could see Josephine.

Vanquished Creatures
  A minotaur (Lab)
  The ghost of M4edhros the Spear-Bearer, a journeyman FoHu of Gozag (D:11)
  A hill giant (D:10)
  A cyclops (D:11)
  2 ugly things
  A black mamba (Lair:1)
  2 spiny frogs (Lair:1)
  Psyche (D:9)
  A troll (D:10)
  A two-headed ogre (D:8)
  A shadow (D:10)
  2 wraiths (D:11)
  5 yaks (Lair:1)
  The ghost of simples the Sneak, an amateur SpEn (D:4)
  A steam dragon (D:10)
  A hippogriff (Lair:1)
  A soldier ant (D:7)
  3 water moccasins
  2 porcupines (Lair:1)
  2 orc warriors (D:9)
  2 ice beasts
  A black bear (D:6)
  2 phantoms
  A sky beast (D:7)
  6 ogres
  2 wasps (D:9)
  3 centaurs
  4 wolves (Lair:1)
  2 crocodiles (Lair:1)
  A giant frog (Lair:1)
  3 scorpions
  A water moccasin skeleton (D:9)
  15 killer bees
  5 howler monkeys
  6 crimson imps
  A giant frog zombie (D:5)
  A centaur zombie (D:6)
  2 jellies
  A giant frog skeleton (D:11)
  3 hounds
  10 orc priests
  5 orc wizards
  Ijyb (D:2)
  2 centaur skeletons
  3 iguanas
  9 worker ants
  A hound skeleton (D:5)
  2 worker ant zombies
  6 gnolls (D:4)
  19 river rats (Lair:1)
  4 adders
  2 howler monkey skeletons
  2 worms
  A dart slug (D:2)
  7 giant geckos
  37 orcs
  2 ball pythons
  5 bats
  8 giant cockroaches
  5 hobgoblins
  12 jackals
  6 quokkas
  4 giant newts
  2 goblins
  A jackal skeleton (D:8)
  A jackal zombie (D:9)
  7 kobolds
  2 quokka skeletons (D:5)
  3 rats
262 creatures vanquished.

Vanquished Creatures (collateral kills)
  A yak (Lair:1)
  A water moccasin (Lair:1)
  2 orc warriors (D:10)
  A black bear (D:11)
  A wight (D:7)
  3 howler monkeys (D:9)
  2 orc priests (D:10)
  An orc wizard (D:10)
  2 worker ants
  A killer bee zombie (D:11)
  2 river rats (Lair:1)
  8 orcs
  A butterfly (D:7)
26 creatures vanquished.

Vanquished Creatures (others)
  The ghost of Statics the Skirmisher, a novice OpTm of Ashenzari (D:9)
  A spiny frog (Lair:1)
  4 yaks (Lair:1)
  2 wraiths (D:11)
  A water moccasin (Lair:1)
  A slave (D:7)
  A giant frog (D:6)
  A wight (D:7)
  A killer bee (D:10)
  A howler monkey (D:9)
  A jelly (D:8)
  A hound (D:6)
  An orc priest (D:9)
  A worker ant (D:7)
  A gnoll (D:4)
  2 adders
  3 river rats (Lair:1)
  An ooze (D:3)
  2 orcs
  A goblin (D:2)
  A jackal (D:2)
  A kobold (D:2)
  A quokka (D:6)
  3 fungi (Lair:1)
  3 plants
37 creatures vanquished.

Grand Total: 325 creatures vanquished

Notes
Turn   | Place    | Note
--------------------------------------------------------------
     0 | D:1      | dvd the Demonspawn Necromancer began the quest for the Orb.
     0 | D:1      | Reached XP level 1. HP: 13/13 MP: 3/3
   598 | D:1      | Gained mutation: You are immune to rotting. [demonic ancestry]
   598 | D:1      | Reached XP level 2. HP: 19/19 MP: 3/5
   891 | D:2      | Reached skill level 5 in Necromancy
   966 | D:2      | Noticed Ijyb
  1063 | D:2      | Gained mutation: You have large cloven feet. [demonic ancestry]
  1063 | D:2      | Reached XP level 3. HP: 19/24 MP: 2/6
  1100 | D:2      | Killed Ijyb
  1487 | D:2      | Learned a level 3 spell: Vampiric Draining
  1515 | D:2      | Found a white marble altar of Elyvilon.
  1528 | D:2      | Gained mutation: You may emit foul miasma when damaged in melee. [demonic ancestry]
  1528 | D:2      | Reached XP level 4. HP: 25/30 MP: 5/7
  1634 | D:2      | Found a shimmering altar of Xom.
  2235 | D:3      | Gained mutation: You sometimes gain a little power by taking damage. [demonic ancestry]
  2235 | D:3      | Reached XP level 5. HP: 19/36 MP: 1/9
  2237 | D:3      | Reached skill level 1 in Fighting
  2840 | D:3      | Learned a level 3 spell: Regeneration
  2979 | D:4      | Noticed an ogre
  2987 | D:4      | Killed an ogre
  2987 | D:4      | Reached skill level 6 in Necromancy
  2987 | D:4      | Gained mutation: You sometimes gain power by taking damage. [demonic ancestry]
  2987 | D:4      | Reached XP level 6. HP: 36/43 MP: 0/11
  3265 | D:4      | Learned a level 4 spell: Animate Dead
  3304 | D:4      | Found a staircase to the Ecumenical Temple.
  3310 | Temple   | Entered the Ecumenical Temple
  3814 | D:4      | Reached skill level 1 in Armour
  3868 | D:4      | Noticed simples's ghost (amateur SpEn)
  3974 | D:4      | Killed simples's ghost
  3974 | D:4      | Reached XP level 7. HP: 48/48 MP: 13/13
  4035 | D:5      | Entered Level 5 of the Dungeon
  4357 | D:5      | Found an iron altar of Okawaru.
  4837 | D:5      | Found an oddly glowing altar of Pakellas.
  4967 | D:6      | Noticed Pikel
  4974 | D:6      | Reached skill level 5 in Spellcasting
  4974 | D:6      | Reached skill level 7 in Necromancy
  4975 | D:6      | Banished Pikel
  4975 | D:6      | Gained mutation: You have hoof-like feet. [demonic ancestry]
  4975 | D:6      | Reached XP level 8. HP: 46/54 MP: 4/16
  5209 | D:6      | Reached skill level 1 in Charms
  5599 | D:6      | Reached skill level 1 in Polearms
  5606 | D:6      | Learned a level 4 spell: Control Undead
  5937 | D:7      | Noticed Aquadorian's ghost (novice MiFi)
  6267 | D:7      | Reached skill level 8 in Necromancy
  6553 | D:7      | Found a runed door.
  6556 | D:7      | Found a runed door.
  6575 | D:7      | Reached XP level 9. HP: 52/61 MP: 8/19
  7664 | D:8      | Identified a scroll of acquirement
  7710 | D:8      | Found an ancient bone altar of Kikubaaqudgha.
  7718 | D:8      | Became a worshipper of Kikubaaqudgha
  8215 | D:8      | Found an oddly glowing altar of Pakellas.
  8217 | D:8      | Found a burning altar of Makhleb.
  8221 | D:8      | Found a bloodstained altar of Trog.
  8312 | D:8      | Reached skill level 9 in Necromancy
  8470 | D:9      | Noticed Statics's ghost (novice OpTm)
  8604 | D:9      | Banished Statics's ghost
  8754 | D:9      | Noticed Psyche
  8765 | D:9      | Killed Psyche
  8765 | D:9      | Gained mutation: You are robust (+10% HP). [demonic ancestry]
  8765 | D:9      | Reached XP level 10. HP: 54/75 MP: 19/22
  8910 | D:9      | Reached * piety under Kikubaaqudgha
  8910 | D:9      | Received a gift from Kikubaaqudgha
  8911 | D:9      | Identified Kikubaaqudgha's Guide on Necromancy (Kikubaaqudgha gifted it to you on level 9 of the Dungeon)
  8913 | D:9      | Reached skill level 10 in Necromancy
  8927 | D:9      | Learned a level 2 spell: Sublimation of Blood
  9490 | D:10     | Entered Level 10 of the Dungeon
  9528 | D:10     | Found a portal to a secret trove of treasure.
  9725 | D:10     | Reached ** piety under Kikubaaqudgha
  9746 | D:10     | Noticed a hill giant
  9755 | D:10     | Killed a hill giant
  9755 | D:10     | Reached skill level 5 in Dodging
  9808 | D:10     | Found a staircase to the Lair.
  9852 | D:10     | Gained mutation: Your muscles are strong. (Str +2) [potion of mutation]
  9852 | D:10     | Lost mutation: Your muscles are strong. (Str +2) [potion of mutation]
  9852 | D:10     | Gained mutation: You have a pair of small horns on your head. [potion of mutation]
  9895 | D:10     | Found a roughly hewn altar of Beogh.
  9895 | D:10     | Found a staircase to the Orcish Mines.
 10032 | D:10     | Reached skill level 11 in Necromancy
 10102 | D:11     | Noticed a brown ugly thing
 10122 | D:10     | Killed a brown ugly thing
 10771 | D:11     | Noticed Josephine
 10773 | D:11     | Found Iroq's Assorted Antiques.
 10967 | D:11     | Noticed a green ugly thing
 10982 | D:11     | Killed a green ugly thing
 10982 | D:11     | Gained mutation: Your movements are slightly less encumbered by armour (ER -2). [demonic ancestry]
 10982 | D:11     | Reached XP level 11. HP: 60/82 MP: 12/24
 10985 | D:11     | Learned a level 1 spell: Flame Tongue
 11015 | D:11     | Reached skill level 10 in Spellcasting
 11042 | D:11     | Noticed M4edhros's ghost (journeyman FoHu)
 11059 | D:11     | Found Orchur's Food Shoppe.
 11186 | Lair:1   | Entered Level 1 of the Lair of Beasts
 11265 | Lair:1   | Reached *** piety under Kikubaaqudgha
 11265 | Lair:1   | Received a gift from Kikubaaqudgha
 11266 | Lair:1   | Identified Kikubaaqudgha's Papyrus of Stolen Souls (Kikubaaqudgha gifted it to you on level 1 of the Lair of Beasts)
 11273 | Lair:1   | Learned a level 5 spell: Dispel Undead
 11409 | Lair:1   | Found a labyrinth entrance.
 11452 | Lair:1   | Learned a level 5 spell: Agony
 11453 | Lab      | Entered a labyrinth
 11690 | Lab      | Noticed a minotaur
 11698 | Lab      | Killed a minotaur
 11708 | Lab      | Identified the Tome of Darkness
 11708 | Lab      | Identified the Compendium of Torrid Stolen Souls
 11709 | Lab      | Got a faintly glowing quarterstaff
 11709 | Lab      | Got a pair of bloodstained gloves
 11722 | Lab      | Identified the +2 pair of gloves of Rotation {Int+4 Dex+5} (You found it in a labyrinth)
 12205 | Lair:1   | Reached skill level 12 in Necromancy
 12455 | Lair:1   | Found a sacrificial altar of Ru.
 12455 | Lair:1   | Noticed an oklob plant
 13314 | D:11     | Killed M4edhros's ghost
 13342 | D:11     | Killed from afar by Josephine

Skill      XL: |  1  2  3  4  5  6  7  8  9 10 11 |
---------------+----------------------------------+-----
Necromancy     | 5 6 7 8 9 11 12 | 12.3
Dodging        | 2 3 4 5 |  5.6
Stealth        | 2 3 4 |  4.4
Spellcasting   | 3 4 5 7 8 9 10 | 10.9
Fighting       | 1 2 3 |  3.5
Armour         | 1 2 3 |  3.8
Charms         | 1 2 |  2.2
Polearms       | 1 2 4 |  4.0

Action                   |  1- 3 |  4- 6 |  7- 9 | 10-12 || total
-------------------------+-------+-------+-------+-------++-------
Melee: Hand axe          |     5 |       |       |       ||     5
       Spear             |    30 |   116 |   207 |   387 ||   740
       Kick              |     3 |    17 |    40 |    77 ||   137
       Headbutt          |       |       |       |    39 ||    39
 Cast: Pain              |    31 |    34 |    71 |    67 ||   203
       Vampiric Draining |       |     9 |    45 |    76 ||   130
       Regeneration      |       |     2 |    17 |    36 ||    55
       Animate Dead      |       |     1 |     6 |    20 ||    27
       Control Undead    |       |       |     3 |    15 ||    18
       Sublimation of Bl |       |       |       |    13 ||    13
       Dispel Undead     |       |       |       |     5 ||     5
       Flame Tongue      |       |       |       |     5 ||     5
       Agony             |       |       |       |     4 ||     4
  Use: Potion            |       |     5 |     1 |     3 ||     9
       Scroll            |       |     8 |    10 |     5 ||    23
 Stab: Sleeping          |       |     2 |     9 |     6 ||    17
       Distracted        |       |       |       |     4 ||     4
  Eat: Chunk             |     2 |     9 |    11 |    26 ||    48
       Royal jelly       |       |       |     1 |     1 ||     2
       Meat ration       |       |       |     1 |       ||     1
       Beef jerky        |       |       |     1 |       ||     1
       Fruit             |       |       |       |     1 ||     1
Armor: Robe              |     2 |     9 |       |       ||    11
       Leather armour    |       |    16 |    57 |   108 ||   181
Dodge: Dodged            |    32 |    80 |   135 |   297 ||   544
